 Dungeon Crawl Stone Soup version 0.30-a0-1112-gfb780f5df6 (webtiles) character file.

Game seed: 5576491610782919863

7 fortdeath9 the Shield-Bearer (level 1, -1/20 HPs)
             Began as a Minotaur Fighter on Apr 19, 2023.
             Succumbed to a goblin's poison
             ... on level 1 of the Dungeon.
             The game lasted 00:00:56 (99 turns).

fortdeath9 the Shield-Bearer (Minotaur Fighter)       Turns: 99, Time: 00:00:57

Health: -1/20      AC:  7    Str: 20    XL:     1   Next: 83%
Magic:  0/0        EV:  9    Int:  5    God:
Gold:   0          SH:  0    Dex:  9    Spells: 0/0 levels left

rFire   . . .      SeeInvis .    a - +0 war axe
rCold   . . .      Faith    .    e - orb {*Rage}
rNeg    . . .      Spirit   .    b - +0 scale mail
rPois   .          Reflect  .    (helmet restricted)
rElec   .          Rampage  .    (no cloak)
rCorr   .          Rage     20%  (no gloves)
Will    .....                    (no boots) Stlth
                                 (no amulet)
HPRegen 0.23/turn                (no ring)
MPRegen 0.07/turn                (no ring)

@: confused, lethally poisoned (-1 -> -26), ambrosia-drunk
A: horns 2, retaliatory headbutt
a: no special abilities


You were on level 1 of the Dungeon.
You visited 1 branch of the dungeon, and saw 1 of its levels.

Inventory:

Hand Weapons
 a - a +0 war axe (weapon)
 f - a +0 sling
Armour
 b - a +0 scale mail (worn)
 c - a +0 buckler
 e - an orb of wrath (worn)
Potions
 d - a potion of might


   Skills:
 + Level 3.8 Fighting
 + Level 2.6 Axes
 + Level 3.8 Armour
 + Level 3.8 Shields


You couldn't memorise any spells.
You didn't know any spells.
Your spell library was empty.

Dungeon Overview and Level Annotations

Branches:
Dungeon (1/15)

Altars:


Innate Abilities, Weirdness & Mutations

You have a pair of horns on your head.
You reflexively headbutt those who attack you in melee.


Message History

Found a spear.
You closely miss the kobold. You headbutt the kobold.
You kill the kobold!
Things that are here:
a +0 short sword; a kobold corpse
Found a sling.
You see here a +0 sling.
f - a +0 sling A dart slug comes into view.
f - a +0 sling (weapon)
a - a +0 war axe (weapon)
The dart slug launches a dart at you.
The slug dart hits you but does no damage.
You slash the dart slug!
You kill the dart slug!
You see here a dart slug corpse.
g - a coppery potion A goblin comes into view.
It is wielding a +3 dagger of venom.
Found a scroll labelled EPUIMOFIEMN.
You closely miss the goblin. The goblin hits you but does no damage.
You are poisoned.
You barely miss the goblin.
You feel very sick. The goblin hits you but does no damage.
You are more poisoned.
You closely miss the goblin.
You feel very sick. The goblin hits you but does no damage.
You are lethally poisoned!
The goblin hits you but does no damage.
You are more poisoned.
You slash the goblin!
You kill the goblin!
Ouch! That really hurt!
* * * LOW HITPOINT WARNING * * *
You feel extremely sick.
It was a potion of ambrosia.
You are confused.
You feel invigorated.
You die...

##############
#####........†...#
........########.# #
#####.#.# #.# ###.
####.#.#### #.# ...#
#.........# #.#
..##.##...##)#####.#
.##.##.#.#..............
......)@.#...###.#####.#
.##.##.###........>.##.#
#.# ..............# ?.#
.#.#..##.##.#### #..
.......#).##.# ##
#.###.# #.# #.# #.# #.#
#.# #.#


There were no monsters in sight!

Vanquished Creatures
  A dart slug (D:1)
  A ball python (D:1)
  A goblin (D:1)
  A frilled lizard (D:1)
  A kobold (D:1)
5 creatures vanquished.

Notes
Turn   | Place    | Note
-------+----------+-------------------------------------------
     0 | D:1      | fortdeath9 the Minotaur Fighter began the quest for the
                  | Orb.
     0 | D:1      | Reached XP level 1. HP: 19/19 MP: 0/0
    98 | D:1      | HP: 1/20 [poisoned by a goblin]
    99 | D:1      | Succumbed to a goblin's poison

Illustrated notes

Levels and vault maps discovered:
D:1:      dpeg_arrival_windows_large_door, layout_loops_ring, minmay_unequal

Action                     || total
---------------------------++-------
  Melee: War axe           ||     9
         Headbutt          ||     2
    Use: Potion            ||     1
 Armour: Scale mail        ||     6

Table legend: (Time is in decaauts)
 A = Elapsed time spent in this place.
 B = Non-inter-level travel time spent in this place.
 C = Inter-level travel time spent in this place.
 D = Time resting spent in this place.
 E = Time spent auto-exploring this place.
 F = Levels seen in this place.
 G = Mean time per level.
                   A        B        C        D        E       F      G
               +--------+--------+--------+--------+--------+-----+--------+
         Total |    101 |    101 |      0 |      0 |     40 |   1 |  101.0 |
       Dungeon |    101 |    101 |      0 |      0 |     40 |   1 |  101.0 |
               +--------+--------+--------+--------+--------+-----+--------+

Top non-repeatable levels by time:
     D:1: 101 daAuts
